 Dungeon Crawl Stone Soup version 0.32-a0-900-g30fb1b0edc (webtiles) character file.

Game seed: 6742965836878578915

1401 601d51SH the Covert (level 8, -2/64 HPs)
             Began as a Gnoll Brigand on Apr 5, 2024.
             Was a Follower of Nemelex Xobeh.
             Slain by an ogre
             ... wielding a +0 giant spiked club
              (30 damage)
             ... on level 5 of the Dungeon.
             The game lasted 00:17:11 (5802 turns).

601d51SH the Covert (Gnoll Brigand)                 Turns: 5802, Time: 00:17:12

Health: -2/64      AC: 10    Str: 13    XL:     8   Next: 69%
Magic:  22/22      EV: 13    Int: 11    God:    Nemelex Xobeh [*.....]
Gold:   93         SH:  0    Dex: 21    Spells: 11/14 levels left

rFire   . . .        a - +2 dagger
rCold   + . .        (no shield)
rNeg    . . .        S - +0 leather armour "Secwos Jarih" {+Blink rC+ MP+9 Str+2}
rPois   +            D - +0 helmet "Omeschext" {-Tele rElec rPois Dex+6}
rElec   +            c - +0 cloak
rCorr   .            (no gloves)
SInv    .            R - +0 pair of boots
Will    .....        (no amulet)
Stlth   ++++         t - +4 ring of protection
HPRegen 0.30/turn    (no ring)
MPRegen 0.18/turn

%: no teleportation
@: no status effects
A: fangs 1, strong nose, distributed training
a: Renounce Religion, Evoke Blink, Draw Escape, Draw Destruction, Draw Summoning


You were on level 5 of the Dungeon.
You worshipped Nemelex Xobeh.
Nemelex Xobeh was aware of your devotion.
You visited 2 branches of the dungeon, and saw 7 of its levels.
You also visited: Sewer.

You collected 285 gold pieces.
You spent 192 gold pieces at shops.

Inventory:

Hand Weapons
 a - a +2 dagger (weapon)
 s - a +0 hand axe
 G - a +1 whip of distortion
 M - a +1 whip of electrocution
Missiles
 d - 13 poisoned darts (quivered)
 e - 3 curare-tipped darts
 g - 58 stones
 k - 5 atropa-tipped darts
Armour
 b - a +0 robe
 c - a +0 cloak (worn)
 l - a +0 ring mail
 v - a +0 animal skin
 w - a +1 helmet
 x - a +0 leather armour
 D - the +0 helmet "Omeschext" (worn) {-Tele rElec rPois Dex+6}
   (You found it on level 4 of the Dungeon)

   Dex+6:     It affects your dexterity (+6).
   rElec:     It insulates you from electricity.
   rPois:     It protects you from poison.
   -Tele:     It prevents most forms of teleportation.
 I - a +0 troll leather armour {Pargi}
 R - a +0 pair of boots (worn)
 S - the +0 leather armour "Secwos Jarih" (worn) {+Blink rC+ MP+9 Str+2}
   (You found it on level 5 of the Dungeon)

   Str+2:     It affects your strength (+2).
   rC+:       It protects you from cold.
   MP+9:      It affects your magic capacity (+9).
   +Blink:    It lets you blink.
Jewellery
 i - a ring of magical power
 t - a +4 ring of protection (left hand)
Talismans
 A - a blade talisman
Wands
 z - a wand of warping (11)
 P - a wand of quicksilver (4)
Scrolls
 f - 7 scrolls of teleportation
 j - 3 scrolls of vulnerability {unknown}
 p - a scroll of revelation {unknown}
 q - 4 scrolls of poison
 y - 2 scrolls of blinking {unknown}
 B - 2 scrolls of enchant armour {unknown}
 C - a scroll of immolation {unknown}
 F - 2 scrolls of amnesia
 K - 2 scrolls of butterflies {unknown}
 L - a scroll of enchant weapon {unknown}
Potions
 h - 4 potions of curing
 m - 2 potions of might
 n - a potion of invisibility {unknown}
 o - a potion of heal wounds {unknown}
 r - a potion of mutation {unknown}
 u - a potion of enlightenment {unknown}
 E - a potion of haste {unknown}
 H - a potion of ambrosia {unknown}
 J - a potion of cancellation {unknown}
 N - a potion of magic {unknown}
 O - 2 potions of resistance
 Q - a potion of brilliance {unknown}


   Skills:
 + Level 5.9 Fighting
 + Level 5.9 Short Blades
 + Level 3.6 Long Blades
 + Level 3.6 Axes
 + Level 3.6 Maces & Flails
 + Level 3.6 Polearms
 + Level 3.6 Staves
 + Level 3.6 Ranged Weapons
 + Level 5.9 Throwing
 + Level 3.6 Armour
 + Level 4.5 Dodging
 + Level 8.6 Stealth
 + Level 3.6 Shields
 + Level 3.6 Unarmed Combat
 + Level 3.6 Spellcasting
 + Level 3.0 Conjurations
 + Level 3.0 Hexes
 + Level 3.0 Summonings
 + Level 3.0 Necromancy
 + Level 3.0 Translocations
 + Level 3.0 Fire Magic
 + Level 3.0 Ice Magic
 + Level 3.0 Air Magic
 + Level 3.0 Earth Magic
 + Level 3.0 Alchemy
 + Level 4.0 Invocations
 + Level 3.6 Evocations
 + Level 3.3 Shapeshifting


You had 11 spell levels left.
You knew the following spells:

 Your Spells              Type           Power      Damage    Failure   Level
a - Confusing Touch       Hex            8%         N/A       26%         3

Your spell library contained the following spells:

 Spells                   Type           Power      Damage    Failure   Level
 Kiss of Death            Conj/Necr      32%        2d7       9%          1
 Hailstorm                Conj/Ice       8%         3d5       26%         3
 Sigil of Binding         Hex            8%         N/A       26%         3
 Summon Ice Beast         Ice/Summ       8%         N/A       26%         3
 Dispel Undead            Necr           8%         3d8       65%         4
 Death Channel            Necr           4%         N/A       100%        6
 Permafrost Eruption      Ice/Erth       4%         2x4d2     100%        6
 Sculpt Simulacrum        Ice/Alch       4%         N/A       100%        6


Dungeon Overview and Level Annotations

Branches:
Dungeon (6/15)             Temple (1/1) D:4           Sewer (visited)

Altars:
Cheibriados
Fedhas
Kikubaaqudgha
Makhleb
Nemelex Xobeh
Trog
Vehumet
Wu Jian

Shops:
D:5 *


Innate Abilities, Weirdness & Mutations

You have very sharp teeth.
Your uncanny sense of smell can sniff out nearby items.
Your experience applies equally to all skills.


Message History

The orc wizard gestures wildly while chanting.
The orc wizard flickers and vanishes!
Deactivating autopickup; reactivate with Ctrl-A.
The ogre shouts!
The adder hisses angrily.
The adder closely misses you. The ogre attacks as it pursues you!
The ogre misses you. The adder attacks as it pursues you!
The adder barely misses you.
There is a stone staircase leading up here.
The ogre hits you with a +0 giant spiked club!!
You climb upwards.
Reactivating autopickup.
There is a stone staircase leading down here.
You hit the ogre.
The ogre is lightly wounded.
The ogre barely misses you.
You hit the ogre. Your bite misses the ogre.
The ogre is moderately wounded.
You hit the ogre. You bite the ogre, but do no damage.
The ogre is moderately wounded.
The ogre misses you.
You hit the ogre.
The ogre is moderately wounded.
You barely miss the ogre.
The ogre is moderately wounded.
The ogre hits you with a +0 giant spiked club!
You hit the ogre.
The ogre is heavily wounded.
You hit the ogre.
The ogre is heavily wounded.
You completely miss the ogre.
The ogre is heavily wounded.
The ogre closely misses you.
You hit the ogre. You bite the ogre.
The ogre is severely wounded.
You hit the ogre.
The ogre is almost dead.
The ogre hits you with a +0 giant spiked club!!
You die...
Your body disappears without a glow.

#..#.#.......## #...###.# #..
#.##.###.###..# #.#..##.# #..
#.##.# #.####.######.......###..
#.##.# #.............#...#......
#.##.###..###..###...~~~~~...#..
#...............##.#~~~~~~~#.#..
#.........####......~~~÷)~~..#..
#.#...#...# #O.....~~[.~~~.....
##..#.#....####.@##.~~~~÷~~~~.#..
.....∩).............#~~~~~~~#.###
....#.#....#####.##...~~~~~...# #
...#...#...#####.##...#..~#..####
.................##.#............
.......##.######.##.####.##.#####
.......##.# #.##.# #....#
.......##.# #.##.# ####.#
.......##.# #.##.# #.#


You could see an ogre.

Vanquished Creatures
  Sigmund (D:5)
  Pargi (Sewer)
  2 black bears (D:5)
  2 ogres
  A centaur (D:5)
  A phantom (D:5)
  2 brain worms (Sewer)
  2 scorpions
  A bombardier beetle (D:5)
  A hound (D:5)
  2 orc priests
  A sleepcap (D:5)
  A jelly (D:5)
  An orc wizard (D:5)
  Robin (D:2)
  A gnoll (D:1)
  5 adders
  A dart slug (D:3)
  4 ribbon worms
  17 orcs
  8 endoplasms
  3 giant cockroaches
  11 goblins
  6 hobgoblins
  12 jackals
  7 kobolds
  6 quokkas
  16 ball pythons
  4 bats
  7 frilled lizards
  8 rats
136 creatures vanquished.

Notes
Turn   | Place    | Note
-------+----------+-------------------------------------------
     0 | D:1      | 601d51SH the Gnoll Brigand began the quest for the Orb.
     0 | D:1      | Reached XP level 1. HP: 20/20 MP: 1/1
     1 | D:1      | Noticed an electric eel
   104 | D:1      | You fall into a shaft and drop 1 floor!
   159 | D:2      | Reached XP level 2. HP: 25/26 MP: 2/2
   447 | D:1      | Reached XP level 3. HP: 31/31 MP: 3/3
   681 | D:1      | Reached skill level 1 in Invocations
  1076 | D:2      | Found a radiant altar of Vehumet.
  1175 | D:2      | Reached skill level 1 in Long Blades
  1175 | D:2      | Reached skill level 1 in Axes
  1175 | D:2      | Reached skill level 1 in Maces & Flails
  1175 | D:2      | Reached skill level 1 in Polearms
  1175 | D:2      | Reached skill level 1 in Staves
  1175 | D:2      | Reached skill level 1 in Ranged Weapons
  1175 | D:2      | Reached skill level 1 in Armour
  1175 | D:2      | Reached skill level 1 in Shields
  1175 | D:2      | Reached skill level 1 in Unarmed Combat
  1175 | D:2      | Reached skill level 1 in Spellcasting
  1175 | D:2      | Reached skill level 1 in Evocations
  1386 | D:2      | Noticed Robin
  1598 | D:2      | Killed Robin
  1599 | D:2      | Reached skill level 1 in Shapeshifting
  1599 | D:2      | Reached XP level 4. HP: 38/38 MP: 5/5
  1894 | D:2      | Reached skill level 1 in Conjurations
  1894 | D:2      | Reached skill level 1 in Hexes
  1894 | D:2      | Reached skill level 1 in Summonings
  1894 | D:2      | Reached skill level 1 in Necromancy
  1894 | D:2      | Reached skill level 1 in Translocations
  1894 | D:2      | Reached skill level 1 in Fire Magic
  1894 | D:2      | Reached skill level 1 in Ice Magic
  1894 | D:2      | Reached skill level 1 in Air Magic
  1894 | D:2      | Reached skill level 1 in Earth Magic
  1894 | D:2      | Reached skill level 1 in Alchemy
  2701 | D:4      | Identified the +0 helmet "Omeschext" {-Tele rElec rPois
                  | Dex+6}
  2859 | D:4      | Found a staircase to the Ecumenical Temple.
  2890 | Temple   | Entered the Ecumenical Temple
  2901 | Temple   | Became a worshipper of Nemelex Xobeh the Trickster
  2922 | D:4      | Reached XP level 5. HP: 43/43 MP: 7/7
  2978 | D:4      | Found a burning altar of Makhleb.
  3448 | D:4      | Reached * piety under Nemelex Xobeh
  3449 | D:4      | Received a gift from Nemelex Xobeh
  4031 | D:4      | Reached skill level 8 in Stealth
  4120 | D:5      | Entered Level 5 of the Dungeon
  4120 | D:5      | Noticed a phantom
  4120 | D:5      | Noticed an ogre
  4137 | D:5      | Noticed a black bear
  4225 | D:5      | Reached XP level 6. HP: 34/50 MP: 8/8
  4305 | D:5      | Killed a black bear
  4306 | D:5      | Reached skill level 5 in Fighting
  4306 | D:5      | Reached skill level 5 in Short Blades
  4306 | D:5      | Reached skill level 5 in Throwing
  4333 | D:5      | Reached XP level 7. HP: 32/56 MP: 10/10
  4449 | D:5      | Noticed Sigmund
  4456 | D:5      | Killed Sigmund
  4500 | D:5      | Found a glowing drain.
  4510 | Sewer    | Entered a sewer
  4530 | Sewer    | Noticed Pargi
  4557 | Sewer    | Killed Pargi
  4558 | Sewer    | Reached XP level 8. HP: 29/63 MP: 12/12
  4870 | D:5      | Found Cefunk's Assorted Antiques.
  4901 | D:5      | Bought a scroll labelled VADOUMUMOU for 20 gold pieces
  4901 | D:5      | Bought a fuming amethyst potion for 18 gold pieces
  4901 | D:5      | Bought a lumpy red potion for 18 gold pieces
  4901 | D:5      | Bought 2 coppery potions for 36 gold pieces
  4901 | D:5      | Bought a scroll labelled MIZISM BALU for 20 gold pieces
  4901 | D:5      | Bought a curved silver wand for 80 gold pieces
  5034 | D:5      | Identified the +0 leather armour "Secwos Jarih" {+Blink rC+
                  | MP+9 Str+2}
  5668 | D:6      | Learned a level 3 spell: Confusing Touch
  5802 | D:5      | Slain by an ogre

Illustrated notes

Levels and vault maps discovered:
D:1:      arrival_aquarium_a, layout_loops_corners
D:2:      layout_loops_ring, basic_altar, uniq_robin
D:3:      layout_basic, grunt_ministairs_14
D:4:      layout_layer_cave, bloody_makhleb,
          minmay_temple_entry_statues_pillars,
          serial_library_hellmonk_statue_hall
D:5:      layout_basic, serial_shops, nicolae_shop_advertising_works
          [nicolae_subvault_shop_adworks], cheibrodos_sewer_entry_drain,
          kennysheep_generic_room_7, uniq_sigmund
D:6:      layout_rooms, chequers_temple_overflow_minitemple,
          nicolae_hepliaklqana_monster_ancestors, nicolae_zig_zag_zippers,
          uniq_grinder, uniq_maggie
Temple:   nicolae_temple_great_sept

Skill      XL: |  1  2  3  4  5  6  7  8 |
---------------+-------------------------+-----
Invocations    | 1 2 3 4 |  4.0
Long Blades    | 1 2 3 |  3.6
Axes           | 1 2 3 |  3.6
Maces & Flails | 1 2 3 |  3.6
Polearms       | 1 2 3 |  3.6
Staves         | 1 2 3 |  3.6
Ranged Weapons | 1 2 3 |  3.6
Armour         | 1 2 3 |  3.6
Shields        | 1 2 3 |  3.6
Unarmed Combat | 1 2 3 |  3.6
Spellcasting   | 1 2 3 |  3.6
Evocations     | 1 2 3 |  3.6
Shapeshifting  | 1 2 3 |  3.3
Conjurations   | 1 2 3 |  3.0
Hexes          | 1 2 3 |  3.0
Summonings     | 1 2 3 |  3.0
Necromancy     | 1 2 3 |  3.0
Translocations | 1 2 3 |  3.0
Fire Magic     | 1 2 3 |  3.0
Ice Magic      | 1 2 3 |  3.0
Air Magic      | 1 2 3 |  3.0
Earth Magic    | 1 2 3 |  3.0
Alchemy        | 1 2 3 |  3.0
Dodging        | 3 4 |  4.5
Stealth        | 8 |  8.6
Fighting       | 5 |  5.9
Short Blades   | 5 |  5.9
Throwing       | 5 |  5.9

Action                     |  1- 3 |  4- 6 |  7- 9 || total
---------------------------+-------+-------+-------++-------
  Melee: Dagger            |    95 |   198 |   229 ||   522
         Bite              |     7 |    19 |    32 ||    58
  Throw: Dart              |     5 |       |       ||     5
 Invoke: Draw Escape       |       |     1 |       ||     1
         Draw Destruction  |       |     1 |       ||     1
    Use: Scroll            |       |       |     6 ||     6
   Stab: Sleeping          |    12 |    18 |     4 ||    34
         Distracted        |       |     1 |       ||     1
 Armour: Robe              |    58 |    93 |    84 ||   235
         Troll leather arm |       |       |   143 ||   143
         Leather armour    |       |       |    12 ||    12
  Dodge: Dodged            |    42 |   119 |   184 ||   345

Table legend: (Time is in decaauts)
 A = Elapsed time spent in this place.
 B = Non-inter-level travel time spent in this place.
 C = Inter-level travel time spent in this place.
 D = Time resting spent in this place.
 E = Time spent auto-exploring this place.
 F = Levels seen in this place.
 G = Mean time per level.
                   A        B        C        D        E       F      G
               +--------+--------+--------+--------+--------+-----+--------+
         Total |   5701 |   5360 |    341 |    327 |   2984 |   8 |  712.6 |
       Dungeon |   5371 |   5050 |    321 |    327 |   2872 |   6 |  895.2 |
        Temple |     22 |      2 |     20 |      0 |      0 |   1 |   22.0 |
         Sewer |    307 |    307 |      0 |      0 |    111 |   1 |  307.0 |
               +--------+--------+--------+--------+--------+-----+--------+

Top non-repeatable levels by time:
     D:4: 1310 daAuts
     D:5: 1187 daAuts
     D:1: 1125 daAuts
     D:2: 864 daAuts
     D:3: 736 daAuts
   Sewer: 307 daAuts
     D:6: 147 daAuts
  Temple: 22 daAuts
